 Dungeon Crawl Stone Soup version 0.27.0-1-g7a089689b8 (webtiles) character file.

Game seed: 1159175321442535531

3621 robertstho the Chopper (level 9, -1/79 (89) HPs)
             Began as a Troll Fighter on Aug 6, 2021.
             Was an Elder of Okawaru.
             Slain by a wight (16 damage)
             ... on level 8 of the Dungeon.
             The game lasted 00:07:59 (5397 turns).

robertstho the Chopper (Troll Fighter)              Turns: 5397, Time: 00:08:00

HP:   -1/79 (89)    AC:  6    Str: 27    XL:     9   Next: 86%
MP:   9/11          EV: 12    Int:  5    God:    Okawaru [****..]
Gold: 357           SH: 16    Dex: 10    Spells: 8/8 levels left

rFire    . . .     SeeInvis .   a - +0 war axe
rCold    . . .     Faith    .   c - +0 kite shield
rNeg     . . .     Spirit   .   b - +0 robe
rPois    .         Reflect  +   (helmet restricted)
rElec    .         Harm     .   t - +0 cloak
rCorr    +         Rampage  .   (gloves unavailable)
Will     .....                  (boots unavailable)
Stlth    +++.......             x - amulet of reflection
HPRegen  1.23/turn              y - ring of resist corrosion
MPRegen  0.12/turn              (no ring)

@: heroic, heavily drained
A: large, unfitting armour, claws 3, regeneration 1, shaggy fur 1, tough skin 1
a: Renounce Religion, Heroism


You were on level 8 of the Dungeon.
You worshipped Okawaru.
Okawaru was greatly pleased with you.
You visited 2 branches of the dungeon, and saw 9 of its levels.

You collected 357 gold pieces.

Inventory:

Hand Weapons
 a - a +0 war axe (weapon)
Missiles
 d - a throwing net (quivered)
Armour
 b - a +0 robe (worn)
 c - a +0 kite shield (worn)
 t - a +0 cloak (worn)
Jewellery
 e - an amulet of guardian spirit
 x - an amulet of reflection (around neck)
 y - a ring of resist corrosion (left claw)
Scrolls
 g - a scroll of magic mapping {unknown}
 h - 2 scrolls of teleportation
 i - 2 scrolls of brand weapon {unknown}
 k - a scroll of acquirement {unknown}
 l - a scroll of vulnerability
 q - 2 scrolls of blinking
 v - a scroll of fear
 w - 2 scrolls of enchant weapon
Potions
 f - a potion of haste {unknown}
 j - a potion of berserk rage {unknown}
 m - a potion of magic {unknown}
 n - a potion of invisibility {unknown}
 o - a potion of brilliance {unknown}
 p - a potion of curing {unknown}
 r - a potion of degeneration {unknown}
 s - a potion of might
 u - a potion of attraction {unknown}


   Skills:
 * Level 6.2(11.2) Fighting
 + Level 6.4(11.4) Axes
 * Level 4.4(9.4) Armour
 + Level 4.4(9.4) Dodging
 + Level 4.6(9.6) Shields
 * Level 4.3 Invocations


You had 8 spell levels left.
You didn't know any spells.
Your spell library contained the following spells:

 Spells                   Type           Power      Damage    Failure   Level
 Animate Skeleton         Necr           0%         N/A       47%         1
 Pain                     Necr           0%         1d4       47%         1
 Sublimation of Blood     Necr           0%         N/A       63%         2
 Vampiric Draining        Necr           0%         2d6       85%         3
 Petrify                  Tmut/Erth      0%         N/A       99%         4
 Irradiate                Conj/Tmut      0%         3d14      100%        5


Dungeon Overview and Level Annotations

Branches:
Dungeon (8/15)             Temple (1/1) D:4
   Lair: D:8-11

Altars:
Ashenzari
Cheibriados
Fedhas
Hepliaklqana
Makhleb
Nemelex Xobeh
Okawaru
Qazlal
Ru
Trog
Uskayaw
Vehumet
Wu Jian
Xom
Yredelemnul
Zin
The Shining One

Shops:
D:2 (

Annotations:
D:6 2 transporters, KrombopulosMichael's ghost, novice FoFi
D:7 2 runed translucent doors, krigyl's ghost, novice TeWr


Innate Abilities, Weirdness & Mutations

You are too large for most types of armour.
You have claws for hands.
Your natural rate of healing is unusually fast.
You are covered in fur. (AC +1)
You have tough skin. (AC +1)


Message History

The wight barely misses you.
You slash the wight!
The wight is severely damaged.
You block the wight's attack.
The wight hits you with a +5 battleaxe of freezing!!
You feel drained. The wight freezes you.
You hit the wight but do no damage.
The wight is severely damaged.
The wight hits you with a +5 battleaxe of freezing!
The wight freezes you.
You barely miss the wight.
The wight is severely damaged.
The wight hits you with a +5 battleaxe of freezing!
You feel drained. The wight freezes you.
You are too injured to fight recklessly!
You are too injured to fight recklessly!
You are too injured to fight recklessly!
You are too injured to fight recklessly!
You are too injured to fight recklessly!
You are too injured to fight recklessly!
You are too injured to fight recklessly!
You are too injured to fight recklessly!
You are too injured to fight recklessly!
You are too injured to fight recklessly!
You are too injured to fight recklessly!
You are too injured to fight recklessly!
You barely miss the wight.
The wight is severely damaged.
The wight barely misses you. The wight misses you.
You closely miss the wight.
The wight is severely damaged.
The wight hits you with a +5 battleaxe of freezing!
* * * LOW HITPOINT WARNING * * *
You feel drained.
* * * LOW HITPOINT WARNING * * *
The wight freezes you.
* * * LOW HITPOINT WARNING * * *
You gain the combat prowess of a mighty hero.
The wight hits you with a +5 battleaxe of freezing!
You die...

#. #.
##..
#..
#..
#.#
#z#
##@#
##..#
#.<##
#..##
#..#
#.#
#.#
##


You could see a wight.

Vanquished Creatures
  Grinder (D:5)
  Prince Ribbit (D:5)
  Menkaure (D:5)
  Duvessa (D:5)
  A water moccasin (D:6)
  A sky beast (D:7)
  3 ice beasts
  An orc warrior (D:7)
  2 black bears
  3 necrophages
  An ogre (D:5)
  2 centaurs
  3 bullfrogs
  2 kobold brigands
  A scorpion (D:4)
  Dowan (D:5)
  A water moccasin skeleton (D:6)
  A wyvern skeleton (D:6)
  6 killer bees (D:7)
  A howler monkey (D:6)
  2 centaur zombies
  2 bullfrog zombies
  2 gnoll shamans
  An orc priest (D:3)
  7 hounds
  A bullfrog skeleton (D:5)
  Jessica (D:2)
  An orc wizard (D:5)
  5 iguanas
  A hound skeleton (D:4)
  12 gnolls
  7 adders
  3 white imps
  An ufetubus (D:6)
  5 worms
  A dart slug (D:4)
  13 orcs
  8 ball pythons
  2 endoplasms (D:4)
  2 giant cockroaches (D:2)
  3 goblins
  4 hobgoblins (D:1)
  4 jackals (D:5)
  A quokka (D:2)
  6 bats
  A frilled lizard (D:3)
  10 kobolds
  3 rats
143 creatures vanquished.

Notes
Turn   | Place    | Note
-------+----------+-------------------------------------------
     0 | D:1      | robertstho the Troll Fighter began the quest for the Orb.
     0 | D:1      | Reached XP level 1. HP: 22/22 MP: 0/0
   124 | D:1      | Found a faded altar of an unknown god.
   203 | D:1      | Reached XP level 2. HP: 29/29 MP: 1/1
   944 | D:2      | Found Irun's Antique Weapon Shoppe.
   949 | D:2      | Reached XP level 3. HP: 37/37 MP: 2/2
  1083 | D:2      | Noticed Jessica
  1087 | D:2      | Killed Jessica
  1088 | D:2      | Reached skill level 1 in Armour
  1284 | D:3      | Reached XP level 4. HP: 45/45 MP: 1/3
  1585 | D:3      | Noticed a necrophage
  1593 | D:3      | Killed a necrophage
  1594 | D:3      | Reached XP level 5. HP: 51/53 MP: 4/4
  1772 | D:4      | Found a staircase to the Ecumenical Temple.
  1840 | Temple   | Entered the Ecumenical Temple
  1901 | Temple   | Became a worshipper of Warmaster Okawaru
  2182 | D:4      | Reached XP level 6. HP: 44/62 MP: 3/5
  2515 | D:4      | Reached * piety under Okawaru
  2516 | D:4      | Reached skill level 1 in Invocations
  2641 | D:5      | Entered Level 5 of the Dungeon
  2653 | D:5      | Noticed Prince Ribbit
  2693 | D:5      | Killed Prince Ribbit
  2694 | D:5      | Reached XP level 7. HP: 25/70 MP: 1/7
  2798 | D:5      | Noticed Menkaure
  2806 | D:5      | Killed Menkaure
  2806 | D:5      | Reached ** piety under Okawaru
  2946 | D:5      | Noticed Duvessa
  2946 | D:5      | Noticed Dowan
  2968 | D:5      | Killed Duvessa
  2999 | D:5      | Killed Dowan
  3000 | D:5      | Reached XP level 8. HP: 35/79 MP: 1/8
  3372 | D:5      | Noticed Grinder
  3381 | D:5      | Paralysed by Grinder for 2 turns
  3388 | D:5      | Killed Grinder
  3389 | D:5      | Reached skill level 5 in Fighting
  3389 | D:5      | Reached skill level 5 in Axes
  3575 | D:6      | Reached *** piety under Okawaru
  3790 | D:6      | Reached XP level 9. HP: 63/88 MP: 5/10
  4036 | D:6      | Reached **** piety under Okawaru
  4241 | D:6      | Noticed KrombopulosMichael's ghost (novice FoFi)
  4244 | D:6      | Found a transporter.
  4249 | D:6      | Found a transporter.
  4532 | D:7      | Found a large runed translucent door.
  4532 | D:7      | Noticed krigyl's ghost (novice TeWr)
  4533 | D:7      | Found a large runed translucent door.
  5397 | D:8      | Slain by a wight

Illustrated notes

Levels and vault maps discovered:
D:1:      elethiomel_arrival_shortcut, layout_rooms,
          ebering_ecumenical_altar_sacrificial, hangedman_decor_slide_cut,
          nrook_loot_triangle
D:2:      layout_loops_cross, serial_shops, nicolae_shop_crystal,
          minmay_misc_feat_columns, amcnicky_mini_rare_corridor_liquid,
          uniq_jessica
D:3:      layout_basic
D:4:      layout_basic, temple_doors_cd
D:5:      layout_basic, uniq_duvessa, uniq_grinder, uniq_prince_ribbit1,
          uniq_menkaure
D:6:      minmay_recursive_quarters, layout_rooms, gammafunk_ghost_hive,
          interstate_on_off
D:7:      layout_rooms, ebering_ghost_disaster_area, grunt_ministairs_6,
          chequers_serial_rivers_micro_b, st_stairs_7, nicolae_sextant
D:8:      layout_layer_cave, serial_glass, glass_columns_b, glass_columns_a,
          feat_on_display
Temple:   regret_index_temple_sigil_plot

Skill      XL: |  1  2  3  4  5  6  7  8  9 |
---------------+----------------------------+-----
Fighting       | 3 4 5 6 |  6.2
Axes           | 2 3 4 5 6 |  6.4
Armour         | 1 2 3 4 |  4.4
Dodging        | 3 4 |  4.4
Shields        | 3 4 |  4.6
Invocations    | 1 2 3 4 |  4.3

Action                   |  1- 3 |  4- 6 |  7- 9 || total
-------------------------+-------+-------+-------++-------
Melee: War axe           |   102 |   119 |   388 ||   609
Invok: Heroism           |       |     1 |    11 ||    12
  Use: Potion            |     1 |     1 |     1 ||     3
       Scroll            |       |     5 |     2 ||     7
Armor: Robe              |    43 |    40 |    72 ||   155
Dodge: Dodged            |    29 |    53 |   137 ||   219
Block: Kite shield       |    55 |    59 |   231 ||   345
       Reflection        |       |       |     2 ||     2
